 Dungeon Crawl Stone Soup version 0.26-b1-32-g5d43845318 (webtiles) character file.

Game seed: 13983938636148667261

3792 MajorAdolf the Cleaver (level 10, -8/92 HPs)
             Began as a Naga Wanderer on Jan 8, 2021.
             Was an Initiate of Gozag.
             Killed from afar by a death drake (19 damage)
             ... with a foul vapour
             ... on level 9 of the Dungeon.
             The game lasted 00:16:00 (10570 turns).

MajorAdolf the Cleaver (Naga Wanderer)             Turns: 10570, Time: 00:16:00

Health: -8/92      AC: 14    Str: 25    XL:     10   Next: 16%
Magic:  9/9        EV:  8    Int: 12    God:    Gozag
Gold:   878        SH:  0    Dex: 12    Spells: 9/9 levels left

rFire    + + .     SeeInvis +   v - +1 hand axe (vorpal)
rCold    + . .     Faith    .   (no shield)
rNeg     . . .     Spirit   .   a - +2 ring mail {rF+}
rPois    +         Reflect  .   g - +1 helmet
rElec    .         Harm     .   l - scarf {rC+ rF+}
rCorr    .         Rampage  .   k - +0 pair of gloves
Will     +....                  (no barding)
Stlth    ++........             (no amulet)
HPRegen  0.25/turn              C - +6 ring of strength
MPRegen  0.11/turn              (no ring)

@: slowed, very slow
A: large, thin metallic scales 1, thin skeletal structure 1, see invisible,
deformed body, low mp 1, poison resistance, screaming 1, shaggy fur 1, slowness
2, spit poison 1, AC +3
a: Spit Poison, Renounce Religion, Potion Petition, Call Merchant, Bribe Branch


You were on level 9 of the Dungeon.
You worshipped Gozag.
Gozag was pleased with you.
You visited 2 branches of the dungeon, and saw 10 of its levels.
You also visited: Ossuary.

You collected 1326 gold pieces.
You spent 313 gold pieces at shops.
You paid 135 gold pieces to Gozag.

Inventory:

Hand Weapons
 v - a +1 vorpal hand axe (weapon)
Armour
 a - a +2 ring mail of fire resistance (worn)
 g - a +1 helmet (worn)
 k - a +0 pair of gloves (worn)
 l - a scarf of resistance (worn)
Jewellery
 A - an uncursed amulet of guardian spirit {unknown}
 C - a +6 ring of strength (left hand)
Wands
 o - a wand of acid (9)
 r - a wand of polymorph (3)
 t - a wand of enslavement (4)
 u - a wand of random effects (23)
 y - a wand of iceblast (2)
Scrolls
 c - a scroll of amnesia {unknown}
 e - 2 scrolls of identify
 f - 5 scrolls of immolation
 h - 5 scrolls of teleportation
 n - 3 scrolls of enchant weapon
 p - 4 scrolls of remove curse
 q - a scroll of silence {unknown}
 w - a scroll of brand weapon
 z - 2 scrolls of enchant armour
 B - a scroll of magic mapping
Potions
 d - 2 potions of attraction
 j - a potion of magic
 m - a potion of might
 s - 3 potions of invisibility
 x - 2 potions of haste
 D - a potion of berserk rage


   Skills:
 - Level 6.6 Fighting
 + Level 10.7 Axes
 - Level 1.0 Crossbows
 - Level 2.4 Armour
 - Level 1.0 Shields
 + Level 7.7 Evocations


You had 9 spell levels left.
You didn't know any spells.
Your spell library contained the following spells:

 Spells                   Type           Power        Failure   Level
 Confusing Touch          Hex            0%           83%         3
 Gell's Gravitas          Tloc           0%           83%         3
 Petrify                  Tmut/Erth      0%           99%         4
 Metabolic Englaciation   Hex/Ice        0%           100%        5
 Yara's Violent Unravell  Hex/Tmut       0%           100%        5


Dungeon Overview and Level Annotations

Branches:
Dungeon (9/15)             Temple (1/1) D:6         Ossuary (visited)
   Lair: D:8-11         Orc: D:9-12

Altars:
Ashenzari
Dithmenos
Elyvilon
Fedhas
Gozag
Hepliaklqana
Kikubaaqudgha
Makhleb
Nemelex Xobeh
Qazlal
Sif Muna
Uskayaw
Vehumet
Wu Jian
Xom
Yredelemnul
Zin

Shops:
D:4 *   D:8 *

Annotations:
D:4 1 runed translucent door, Domino's ghost, novice MiBe


Innate Abilities, Weirdness & Mutations

You cannot wear boots.
Your serpentine skin is tough. (AC +3)
You have supernaturally acute eyesight. (SInv)
Armour fits poorly on your strangely shaped body.
Your system is resistant to poisons. (rPois)
You cover ground very slowly.
You can spit poison.
You are partially covered in thin metallic scales. (AC +2)
You have a somewhat thin skeletal structure. (Dex +2, Stealth)
Your magical capacity is low. (-10% MP)
You occasionally shout uncontrollably at your foes.
You are covered in fur. (AC +1)


Message History

The death drake bites you but does no damage.
Unknown command.
Blink to where?
Press: ? - help, Dir - move target, p - death drake
As you read the scroll of blinking, it crumbles to dust.
* * * LOW HITPOINT WARNING * * *
You feel very sick.
You feel better.
Okay, then.
Evoke which item? (* to show all) (? for menu, Esc to quit)
Aiming: Corrosive Bolt
Press: ? - help, Shift-Dir - straight line, f - death drake
Aim: a death drake (heavily wounded, catching its breath, 40% to evade)
The bolt of acid hits the death drake!
The death drake is splashed with acid.
The death drake is severely wounded.
The death drake breathes miasma at you. The foul vapour engulfs you!!
You feel as though you will be slow longer.
You die...
Your body crumbles into a pile of gold.

####...# #######'##
#########.........
#.......#.........
#.......#.........
#.#.....'.........
#.#.....##########
...####.#○○k...°.)....
#......@§..##°°°#..#..
....##.#+#......°. ...
# #. #.......... . ..
#...#......# ...
#............ ....
#...######### #....
#.#. #....


You could see a death drake (catching breath).

Vanquished Creatures
  A two-headed ogre (D:8)
  A troll (D:9)
  A hornet (D:7)
  4 orc warriors
  An eye of draining (D:8)
  A sky beast (D:5)
  2 phantoms
  A centaur (D:4)
  An elf skeleton (D:7)
  A bullfrog (D:7)
  3 scorpions
  10 killer bees
  A howler monkey (D:5)
  2 centaur zombies (Ossuary)
  A human zombie (Ossuary)
  3 orc priests
  3 hounds
  4 orc wizards
  A centaur skeleton (D:8)
  2 human skeletons (D:7)
  Natasha (D:2)
  3 bullfrog skeletons
  An iguana (D:6)
  7 worker ants
  2 big kobold zombies (Ossuary)
  A howler monkey zombie (D:8)
  2 mummies (Ossuary)
  A howler monkey skeleton (D:5)
  11 adders
  A shadow imp (D:5)
  3 white imps
  2 ufetubi
  A worm (D:3)
  4 dart slugs
  5 leopard geckos
  30 orcs
  5 giant cockroaches
  5 goblins (D:2)
  8 hobgoblins
  2 jackals (D:6)
  8 kobolds
  4 quokkas
  2 ball pythons
  12 bats
  8 frilled lizards
  3 goblin zombies (Ossuary)
  8 hobgoblin zombies (Ossuary)
  A jackal zombie (Ossuary)
  12 kobold zombies (Ossuary)
  3 orc skeletons (D:7)
  7 orc zombies (Ossuary)
  A quokka skeleton (D:7)
  10 rats
  A rat zombie (Ossuary)
219 creatures vanquished.

Vanquished Creatures (collateral kills)
  3 orcs (D:8)
3 creatures vanquished.

Vanquished Creatures (others)
  7 plants (D:1)
7 creatures vanquished.

Grand Total: 229 creatures vanquished

Notes
Turn   | Place    | Note
-------+----------+-------------------------------------------
     0 | D:1      | MajorAdolf the Naga Wanderer began the quest for the Orb.
     0 | D:1      | MajorAdolf set off with the following items: a +0 hand
                  | crossbow, a +2 scale mail, 24 bolts, a potion of curing
     0 | D:1      | Reached XP level 1. HP: 22/22 MP: 1/1
    94 | D:1      | Reached XP level 2. HP: 31/31 MP: 2/2
   402 | D:1      | Reached XP level 3. HP: 38/38 MP: 3/3
   469 | D:1      | Reached skill level 5 in Fighting
   995 | D:2      | Reached XP level 4. HP: 39/46 MP: 4/4
  1050 | D:2      | Noticed Natasha
  1052 | D:2      | Killed Natasha
  1495 | D:3      | Reached XP level 5. HP: 51/55 MP: 5/5
  2514 | D:4      | Reached skill level 1 in Axes
  2577 | D:4      | Reached XP level 6. HP: 63/63 MP: 6/6
  2597 | D:4      | Found Ciboexal's Elemental Accessories.
  2637 | D:4      | Reached skill level 2 in Axes
  2702 | D:4      | Noticed a phantom
  2740 | D:4      | Killed a phantom
  2741 | D:4      | Reached skill level 3 in Axes
  2868 | D:4      | Found a stormy altar of Qazlal.
  2875 | D:4      | Found a runed translucent door.
  2936 | D:4      | Noticed Domino's ghost (novice MiBe)
  3136 | D:4      | Found a white marble altar of Elyvilon.
  3722 | D:4      | Reached skill level 4 in Axes
  3722 | D:4      | Reached XP level 7. HP: 39/70 MP: 7/7
  4390 | D:5      | Entered Level 5 of the Dungeon
  4707 | D:5      | Reached skill level 5 in Axes
  4810 | D:5      | Reached skill level 6 in Axes
  4923 | D:5      | Found an ornate altar of the Wu Jian Council.
  5519 | D:6      | Found a staircase to the Ecumenical Temple.
  5533 | Temple   | Entered the Ecumenical Temple
  5658 | Temple   | Became a worshipper of Gozag Ym Sagoz the Greedy
  5712 | D:6      | Reached skill level 7 in Axes
  5712 | D:6      | Reached XP level 8. HP: 48/78 MP: 8/8
  6132 | D:4      | Bought a wand of iceblast (6) for 110 gold pieces
  6535 | D:7      | Found a sand-covered staircase.
  6543 | Ossuary  | Entered an ossuary
  6788 | Ossuary  | Reached skill level 8 in Axes
  7051 | D:7      | Found a hide-covered altar of Uskayaw.
  7096 | D:7      | Noticed a hornet
  7110 | D:7      | Killed a hornet
  7356 | D:7      | Gained mutation: You are dopey. (Int -2) [potion of
                  | mutation]
  7356 | D:7      | Gained mutation: You are covered in fur. (AC +1) [potion of
                  | mutation]
  7356 | D:7      | Gained mutation: You can translocate small distances at
                  | will. [potion of mutation]
  7357 | D:7      | Lost mutation: You can translocate small distances at will.
                  | [potion of mutation]
  7357 | D:7      | Lost mutation: You are dopey. (Int -2) [potion of mutation]
  7357 | D:7      | Gained mutation: Your magical capacity is low. (-10% MP)
                  | [potion of mutation]
  7357 | D:7      | Gained mutation: You occasionally shout uncontrollably at
                  | your foes. [potion of mutation]
  7357 | D:7      | Gained mutation: You are partially covered in thin metallic
                  | scales. (AC +2) [potion of mutation]
  7357 | D:7      | Gained mutation: You have a somewhat thin skeletal
                  | structure. (Dex +2, Stealth) [potion of mutation]
  7386 | D:7      | Found a burning altar of Makhleb.
  7534 | D:7      | Reached XP level 9. HP: 78/85 MP: 8/8
  7681 | D:7      | Reached skill level 9 in Axes
  7827 | D:7      | Noticed a green death
  8186 | D:7      | Reached skill level 5 in Evocations
  9197 | D:8      | Noticed a two-headed ogre
  9223 | D:8      | Killed a two-headed ogre
  9224 | D:8      | Reached skill level 10 in Axes
  9499 | D:8      | Reached XP level 10. HP: 82/92 MP: 9/9
  9626 | D:8      | Found Moufepp's Assorted Antiques.
  9731 | D:8      | Bought a glass wand for 116 gold pieces
  9731 | D:8      | Bought a scroll of teleportation for 87 gold pieces
  9755 | D:8      | Found a blossoming altar of Fedhas.
 10547 | D:9      | Noticed a two-headed ogre
 10549 | D:9      | Noticed a death drake
 10549 | D:9      | a two-headed ogre changed into a death drake
 10570 | D:9      | Killed from afar by a death drake

Illustrated notes

Levels and vault maps discovered:
D:1:      saegor_arrival_under_anarchy, layout_basic, serial_bayou_lagoon_a
D:2:      layout_loops_cross, uniq_natasha
D:3:      layout_loops_ring, dk_noncrumbling_4
D:4:      layout_gridville, elyvilon_altar_1, kennysheep_mini,
          ebering_ghost_sewer_d, nicolae_elemental_shop
D:5:      layout_gridville, nzn_wu_jian_council_hall
D:6:      layout_basic, minmay_temple_entry_statues_fountains
D:7:      layout_basic, lemuel_coloured_pillars_altar,
          nicolae_ossuary_entry_catacombs, makhleb_altar_promises_db
D:8:      layout_cave_pools, serial_shops, nicolae_shop_stone,
          fedhas_ov_isle_minmay
D:9:      layout_stronghold, okawaru_humans, minmay_overflow_temple_star_quad,
          slow_altar_2, dpeg_lair_monsters, erik_orc_1, uniq_prince_ribbit1,
          uniq_psyche
Temple:   dshaligram_water_room_temple

Skill      XL: |  1  2  3  4  5  6  7  8  9 |
---------------+----------------------------+-----
Fighting       | 5 6 |  6.6
Axes           | 1 4 7 8 10 | 10.7
Evocations     | 4 7 |  7.7
Crossbows      | |  1.0
Armour         | |  2.4
Shields        | |  1.0

Action                   |  1- 3 |  4- 6 |  7- 9 | 10-12 || total
-------------------------+-------+-------+-------+-------++-------
Melee: Dagger            |       |    69 |       |       ||    69
       Hand axe          |       |    51 |   467 |    65 ||   583
 Fire: Hand crossbow     |   121 |    63 |       |       ||   184
 Abil: Spit Poison       |     1 |    15 |     7 |       ||    23
Evoke: Wand              |       |       |    14 |     3 ||    17
  Use: Scroll            |       |     8 |    11 |     1 ||    20
       Potion            |       |     2 |     2 |     3 ||     7
 Stab: Paralysed         |       |       |     2 |       ||     2
       Distracted        |       |       |     4 |       ||     4
       Sleeping          |       |       |     2 |     1 ||     3
Armor: Scale mail        |    64 |   111 |   137 |       ||   312
       Ring mail         |       |       |   101 |    24 ||   125
Dodge: Dodged            |    59 |    62 |   166 |    29 ||   316
